 Dungeon Crawl Stone Soup version 0.31-a0-18-gea43df2a32 (webtiles) character file.

Game seed: 2991723664675032605

3 Mickster the Chopper (level 1, 0/20 HPs)
             Began as a Hill Orc Berserker on May 9, 2023.
             Was a Follower of Trog.
             Slain by a bat (1 damage)
             ... on level 1 of the Dungeon.
             The game lasted 00:01:28 (174 turns).

Mickster the Chopper (Hill Orc Berserker)            Turns: 174, Time: 00:01:28

Health: 0/20       AC:  2    Str: 19    XL:     1   Next: 50%
Magic:  1/1        EV: 12    Int:  7    God:    Trog [*.....]
Gold:   0          SH:  0    Dex: 10    Spells: 0/0 levels left

rFire   . . .        a - +0 hand axe
rCold   . . .        (no shield)
rNeg    . . .        b - +0 animal skin
rPois   .            (no helmet)
rElec   .            (no cloak)
rCorr   .            (no gloves)
SInv    .            (no boots)
Will    .....        (no amulet)
Stlth   +            (no ring)
HPRegen 0.23/turn    (no ring)
MPRegen 0.07/turn

%: no passive effects
@: no status effects
A: no striking features
a: Renounce Religion, Berserk


You were on level 1 of the Dungeon.
You worshipped Trog.
Trog was aware of your devotion.
You visited 1 branch of the dungeon, and saw 1 of its levels.

Inventory:

Hand Weapons
 a - a +0 hand axe (weapon)
Missiles
 d - 10 stones (quivered)
Armour
 b - a +0 animal skin (worn)


   Skills:
 + Level 3.7 Fighting
 + Level 4.1 Axes
 + Level 2.2 Armour
 + Level 1.6 Dodging


You couldn't memorise any spells.
You didn't know any spells.
Your spell library was empty.

Dungeon Overview and Level Annotations

Branches:
Dungeon (1/15)

Altars:


Message History

The kobold is severely wounded.
The kobold hits you with a +0 club. The kobold closely misses you.
You closely miss the kobold.
The kobold is severely wounded.
You float gracefully downwards.
The kobold hits you with a +0 club.
You hit the kobold.
You kill the kobold!
Trog accepts your kill.
You see here a +0 club.
A goblin comes into view. It is wielding a +1 dagger of speed.
The goblin shouts!
Found 13 gold pieces.
A bat comes into view.
The goblin hits you with a +1 dagger of speed.
You closely miss the goblin. You barely miss the bat.
The bat closely misses you. The goblin barely misses you.
You closely miss the goblin. The bat hits you. The goblin misses you.
The goblin hits you but does no damage.
You hit the goblin.
The goblin is severely wounded.
The bat hits you.
The goblin hits you with a +1 dagger of speed. x2
You miss the goblin.
The goblin is severely wounded.
The bat hits you but does no damage. The goblin closely misses you.
You miss the goblin.
The goblin is severely wounded.
The bat misses you. The goblin closely misses you.
The goblin hits you with a +1 dagger of speed.
You miss the goblin.
The goblin is severely wounded.
The bat hits you.
* * * LOW HITPOINT WARNING * * *
The goblin hits you with a +1 dagger of speed.
* * * LOW HITPOINT WARNING * * *
You hit the goblin.
You kill the goblin!
Trog accepts your kill. The bat hits you.
You die...

#.........
#..#'''#P. ###
#.≈#...#P8 ..##
#.≈#.♣.#PP #..##
#⌠≈#...###
##...########''####
.....$. #...#..#
#b..# ###.'<.# #@.#
###### #.## #.# #.#
###.#
####...#######
#............#
#.##..##.###.# ## #
#..##.###.# ##.


You could see a bat.

Vanquished Creatures
  A goblin (D:1)
  3 kobolds (D:1)
4 creatures vanquished.

Notes
Turn   | Place    | Note
-------+----------+-------------------------------------------
     0 | D:1      | Mickster the Hill Orc Berserker began the quest for the
                  | Orb.
     0 | D:1      | Reached XP level 1. HP: 19/19 MP: 1/1
   173 | D:1      | HP: 1/20 [goblin/+1 dagger of speed (5)]
   174 | D:1      | Slain by a bat

Illustrated notes

Levels and vault maps discovered:
D:1:      sevenhm_arrival_forest_fort_small_3, layout_loops_corners

Action                     || total
---------------------------++-------
  Melee: Hand axe          ||    31
    Use: Potion            ||     2
 Armour: Animal skin       ||    10
  Dodge: Dodged            ||    16

Table legend: (Time is in decaauts)
 A = Elapsed time spent in this place.
 B = Non-inter-level travel time spent in this place.
 C = Inter-level travel time spent in this place.
 D = Time resting spent in this place.
 E = Time spent auto-exploring this place.
 F = Levels seen in this place.
 G = Mean time per level.
                   A        B        C        D        E       F      G
               +--------+--------+--------+--------+--------+-----+--------+
         Total |    176 |    176 |      0 |      0 |      0 |   1 |  176.0 |
       Dungeon |    176 |    176 |      0 |      0 |      0 |   1 |  176.0 |
               +--------+--------+--------+--------+--------+-----+--------+

Top non-repeatable levels by time:
     D:1: 176 daAuts
